Map: 瑟拉斯废墟

Players

Polokus - Winner!

  • Race: Zerg Zerg
  • League: Diamond

shengy

  • Race: Zerg Zerg
  • League: Platinum

VOD

Have the link to the VOD?

Description

Time

  • Played on: Dec. 26, 2015, 5:58 p.m.
  • Length: 13:22
Show
View Real Time Build Order
Export as new Build Order

Polokus Zerg - Winner!

Build Orders: Hatch First 

Get SALT Encoding   

  12  0:00  Drone  
  13  0:12  Overlord  
  13  0:18  Drone  
  14  0:31  Drone x2  
  14  0:34  Drone  
  17  0:56  Hatchery, Drone  
  17  0:59  Extractor  
  17  1:02  Drone  
  17  1:20  Spawning Pool  
  17  1:24  Drone  
  17  1:30  Drone  
  18  1:33  Drone  
  19  1:43  Overlord  
  19  1:49  Drone  
  20  2:00  Drone  
  21  2:08  Queen x2  
  25  2:16  Metabolic Boost  
  25  2:27  Zergling x4  
  27  2:31  Drone x2  
  29  2:37  Baneling Nest  
  27  3:00  Drone  
  27  3:01  Drone, Zergling x8  
  33  3:15  Overlord  
  33  3:16  Overlord  
  33  3:17  Roach Warren  
  32  3:32  Baneling x3  
  32  3:33  Baneling  
  31  3:49  Zergling x6  
  31  3:50  Overlord  
  31  3:51  Zergling x8  
  38  4:02  Zergling x4  
  42  4:03  Roach x3  
  42  4:07  Drone x2  
  44  4:47  Drone x3  
  44  4:48  Drone  
  44  4:52  Drone, Roach x2  
  53  4:53  Drone x4  
  53  4:57  Extractor  
  53  4:58  Drone  
  57  5:02  Hatchery  
  56  5:25  Drone x4  
  56  5:27  Lair  
  59  5:29  Extractor  
  59  5:31  Drone  
  59  5:32  Drone  
  59  5:56  Overlord  
  59  5:57  Overlord x4  
  59  6:14  Drone  
  59  6:15  Drone x7  
  59  6:16  Evolution Chamber, Drone  
  59  6:17  Evolution Chamber  
  66  6:34  Roach x6  
  66  6:37  Glial Reconstitution  
  78  6:40  Queen  
  78  6:44  Zerg Missile Weapons Level 1  
  80  6:54  Extractor  
  80  6:55  Drone  
  80  6:56  Drone x9  
  89  7:03  Zerg Ground Armor Level 1  
  89  7:04  Zergling x4  
  91  7:15  Overlord x2  
  91  7:16  Overlord  
  91  7:34  Roach x9  
  109  7:59  Roach  
  109  8:00  Roach x5  
  109  8:01  Overlord x2  
  121  8:06  Overlord x4  
  121  8:07  Overlord  
  121  8:19  Roach  
  125  8:20  Roach x3  
  129  8:28  Roach x2  
  133  8:41  Roach x4  
  135  8:42  Roach x8  
  157  8:55  Overlord  
  157  8:56  Overlord x4  
  149  9:28  Roach  
  149  9:29  Roach x12  
  163  9:40  Ravager x3  
  163  9:41  Ravager x3  
  163  9:42  Ravager  
  170  10:00  Hatchery  
  170  10:02  Roach x8  
  170  10:04  Overlord  
  170  10:05  Overlord x3  
  185  10:09  Overseer  
  185  10:14  Hatchery  
  184  10:27  Pneumatized Carapace  
  178  10:47  Roach x6  
  178  10:48  Roach  
  155  11:20  Roach  
  155  11:21  Roach x11  
  137  11:35  Roach x3  
  137  11:39  Roach  
  145  11:40  Roach x4  
  145  11:43  Queen  
  145  11:44  Queen  
  145  11:57  Roach  
  145  11:58  Roach x7  
  161  12:08  Roach  
  162  12:09  Roach x4  
  162  12:11  Ravager  
  162  12:12  Ravager x2  
  171  12:20  Ravager  
  168  12:36  Roach  
  176  12:37  Roach x7  
  184  12:46  Roach x3  
  184  12:47  Roach x2  
  194  12:54  Roach x2  
Show
View Real Time Build Order
Export as new Build Order

shengy Zerg 

Build Orders: Pool First 

Get SALT Encoding   

  12  0:01  Drone  
  13  0:10  Drone  
  14  0:18  Overlord  
  14  0:36  Drone x3  
  17  0:48  Spawning Pool  
  16  0:51  Drone  
  17  1:03  Drone  
  18  1:19  Hatchery  
  17  1:25  Drone  
  17  1:26  Drone  
  17  1:31  Extractor  
  18  1:36  Queen  
  20  1:44  Zergling x4  
  22  1:55  Overlord  
  22  2:18  Spine Crawler  
  21  2:33  Metabolic Boost  
  21  2:34  Roach Warren  
  21  2:37  Zergling x8  
  24  3:00  Drone x3  
  27  3:07  Queen  
  27  3:09  Drone x2  
  31  3:24  Baneling Nest  
  31  3:26  Extractor, Drone  
  30  3:30  Drone  
  31  3:37  Overlord  
  31  4:01  Roach, Overlord  
  31  4:02  Roach x3  
  39  4:09  Baneling x4  
  39  4:13  Drone  
  40  4:29  Lair  
  39  4:53  Drone x3  
  42  5:03  Overlord  
  42  5:04  Queen, Overlord  
  44  5:12  Evolution Chamber  
  44  5:13  Drone  
  44  5:14  Drone x2  
  46  5:23  Overlord  
  46  5:27  Drone x2  
  48  5:30  Drone  
  49  5:40  Drone  
  49  5:41  Drone x2  
  52  5:44  Zerg Missile Weapons Level 1  
  52  5:58  Drone x3  
  52  6:00  Evolution Chamber  
  52  6:02  Extractor  
  52  6:08  Drone x2  
  52  6:09  Overlord  
  52  6:10  Drone  
  55  6:23  Extractor  
  55  6:24  Glial Reconstitution  
  54  6:27  Zerg Ground Armor Level 1  
  54  6:41  Roach  
  54  6:42  Roach x5  
  54  6:47  Ravager x4  
  68  6:49  Drone x2  
  68  6:50  Drone  
  73  7:15  Roach  
  74  7:17  Overlord x4  
  74  7:35  Hatchery  
  75  7:37  Roach x4  
  81  7:55  Roach  
  81  7:56  Roach x5  
  93  8:01  Overlord  
  93  8:05  Zerg Missile Weapons Level 2  
  93  8:20  Roach x4  
  93  8:21  Roach  
  103  8:29  Overlord  
  103  8:47  Roach x7  
  115  9:13  Roach x7  
  115  9:14  Roach  
  121  9:32  Roach  
  121  9:39  Roach x4  
  121  9:44  Overlord x4  
  121  9:45  Overlord  
  129  9:47  Ravager  
  129  9:52  Ravager  
  130  9:55  Overlord x2  
  130  9:59  Overlord  
  130  10:05  Drone  
  131  10:07  Ravager  
  132  10:19  Drone x3  
  132  10:20  Drone x2  
  122  10:38  Roach, Zergling x2  
  122  10:39  Roach x6  
  132  10:52  Roach x5  
  138  11:03  Roach x5  
  123  11:12  Roach  
  123  11:13  Roach x3  
  127  11:21  Roach x2  
  102  11:34  Extractor  
  102  11:35  Extractor  
  97  11:49  Overlord  
  97  11:54  Roach  
  97  11:55  Roach x4  
  107  12:03  Zergling x8  
  103  12:26  Drone x3  
  106  12:34  Overseer  
  106  12:40  Hatchery  
  104  12:45  Roach  
  104  12:46  Roach x2  
Tags
 
Add a new tag
Caveats
  • Supply blocks, unpowered buildings, or Contaminate may cause inaccurate times.
  • Supply counts are checked every 10 seconds.